 Dungeon Crawl Stone Soup version 0.21.1-1-g345015f (webtiles) character file.

5907 wilfster70 the Covert (level 10, -4/74 HPs)
             Began as a Gnoll Enchanter on June 13, 2018.
             Was a Believer of Wu Jian.
             Killed from afar by Erica (14 damage)
             ... with an orb of energy
             ... on level 8 of the Dungeon.
             The game lasted 00:33:12 (7600 turns).

wilfster70 the Covert (Gnoll Enchanter)             Turns: 7600, Time: 00:33:12

Health: -4/74      AC:  6    Str: 11    XL:     10   Next: 82%
Magic:  17/21      EV: 17    Int: 20    God:    Wu Jian [**....]
Gold:   316        SH:  0    Dex: 16    Spells: 17/24 levels left

rFire    + + .     SeeInvis .   a - +1 dagger
rCold    + . .     Gourm    .   (no shield)
rNeg     . . .     Faith    .   x - +2 robe of Hangman {rF+}
rPois    .         Spirit   .   k - +1 hat
rElec    .         Reflect  .   A - scarf {rC+ rF+}
rCorr    .         Harm     .   y - +0 pair of gloves
MR       .....                  (no boots)
Stlth    ++........             p - amulet of magic regeneration
HPRegen  0.22/turn              z - ring of wizardry
MPRegen  0.42/turn              (no ring)

@: confused, lethally poisoned (-4 -> -11), very slightly contaminated, slowed,
very slow
A: distributed training, fangs 1, strong nose
a: Wall Jump, Renounce Religion


You were on level 8 of the Dungeon.
You worshipped Wu Jian.
Wu Jian was pleased with you.
You were not hungry.

You visited 2 branches of the dungeon, and saw 9 of its levels.

You collected 316 gold pieces.

Inventory:

Hand Weapons
 a - a +1 dagger (weapon)
 b - a +1 quarterstaff of crushing
 t - a +0 hunting sling
Missiles
 f - 150 stones
 i - 26 sling bullets
 n - 7 javelins (quivered)
Armour
 k - a +1 hat (worn)
 x - the +2 robe of Hangman (worn) {rF+}
   (You found it on level 5 of the Dungeon)

   It protects you from fire.
 y - a +0 pair of gloves (worn)
 A - a scarf of resistance (worn)
Jewellery
 p - an amulet of magic regeneration (around neck)
 w - the ring of Ekkugg {+Fly rN+++ Int+3 Dex+3 Stlth-}
   (You found it on level 6 of the Dungeon)

   [ring of dexterity]

   It affects your intelligence (+3).
   It affects your dexterity (+3).
   It renders you almost immune to negative energy.
   It lets you fly.
   It makes you less stealthy.
 z - a ring of wizardry (left hand)
Wands
 s - a wand of flame (37)
 u - a wand of iceblast (5)
Scrolls
 h - 3 scrolls of teleportation
 j - a scroll of magic mapping {unknown}
 q - 2 scrolls of amnesia
 r - 2 scrolls of remove curse
 v - a scroll of blinking
Potions
 e - 2 potions of brilliance
 g - a potion of flight
 l - a potion of magic
 m - a potion of resistance {unknown}
Books
 c - a book of Maledictions

   Spells                             Type                      Level
   a - Corona                         Hexes                        1
   b - Ensorcelled Hibernation        Hexes/Ice                    2
   c - Confuse                        Hexes                        3
   d - Tukima's Dance                 Hexes                        3
   e - Dazzling Spray                 Conjuration/Hexes            3
 o - a book of Minor Magic

   Spells                             Type                      Level
   a - Magic Dart                     Conjuration                  1
   b - Blink                          Translocation                2
   c - Call Imp                       Summoning                    2
   d - Slow                           Hexes                        2
   e - Conjure Flame                  Conjuration/Fire             3
   f - Mephitic Cloud                 Conjuration/Poison/Air       3
Comestibles
 d - 13 rations


   Skills:
 + Level 5.5 Fighting
 + Level 6.2 Short Blades
 + Level 5.5 Long Blades
 + Level 5.5 Axes
 + Level 5.5 Maces & Flails
 + Level 5.5 Polearms
 + Level 5.5 Staves
 + Level 5.5 Slings
 + Level 5.5 Bows
 + Level 5.5 Crossbows
 + Level 5.5 Throwing
 + Level 5.5 Armour
 + Level 7.3 Dodging
 + Level 8.2 Stealth
 + Level 5.5 Shields
 + Level 5.5 Unarmed Combat
 + Level 7.5 Spellcasting
 + Level 4.5 Conjurations
 + Level 7.2 Hexes
 + Level 4.5 Charms
 + Level 4.5 Summonings
 + Level 4.5 Necromancy
 + Level 4.5 Translocations
 + Level 4.5 Transmutations
 + Level 4.5 Fire Magic
 + Level 4.5 Ice Magic
 + Level 4.5 Air Magic
 + Level 4.5 Earth Magic
 + Level 4.5 Poison Magic
 + Level 6.1 Invocations
 + Level 5.5 Evocations


You had 17 spell levels left.
You knew the following spells:

 Your Spells              Type           Power        Failure   Level  Hunger
a - Call Imp              Summ           ####....     1%          2    None
b - Ensorcelled Hibernat  Hex/Ice        ####..       1%          2    None
c - Confuse               Hex            #####...     1%          3    None


Dungeon Overview and Level Annotations

Branches:
Dungeon (8/15)             Temple (1/1) D:4
   Lair: D:8-11

Altars:
Ashenzari
Cheibriados
Dithmenos
Elyvilon
Gozag
Hepliaklqana
Kikubaaqudgha
Makhleb
Nemelex Xobeh
Qazlal
Sif Muna
Uskayaw
Vehumet
Wu Jian
Xom
Yredelemnul
Zin
The Shining One

Annotations:
D:6 Sigmund
D:8 Erica, Joseph


Innate Abilities, Weirdness & Mutations

Your experience applies equally to all skills.
You have very sharp teeth.
Your uncanny sense of smell can sniff out nearby items.


Message History

You are very lightly contaminated with residual magic.
As you read the scroll of blinking, it crumbles to dust.
Erica gestures at you while chanting.
You feel as though you will be slow longer.
Things that are here:
a dagger; a leather armour Erica points at you and mumbles some strange words.
You are confused.
Items here: )))) [[ † Erica gestures at you while chanting.
The bolt of poison hits you!
You are poisoned.
* * * LOW HITPOINT WARNING * * *
You feel sick.
Okay, then.
You feel sick.
You feel sick.
Erica points at you and mumbles some strange words.
The orb of energy hits you!
You die...

##
.##################
###
.'..............@>#
#..
.##.#############.#
#.# .##.# #.# #)#
.##.# #.# #.# .##.#
#)# ###.# ###.# #@#
#(.(# #'# ∆ #)#
#)#...@o@_. ... #.#
#g##.#.#... ∆
#.#####.# .# #


You could see Erica.

Vanquished Creatures
  3 two-headed ogres (D:8)
  Pikel (D:8)
  The ghost of 4thArraOfDagon the Grave Robber, a novice GnNe (D:8)
  A hippogriff (D:8)
  A spriggan (D:8)
  A wyvern (D:8)
  The ghost of Elrhinochtone the Gusty, an amateur DrAE of Nemelex Xobeh (D:4)
  Menkaure (D:4)
  An orc warrior (D:8)
  3 ice beasts (D:7)
  A slave (D:8)
  3 ogres
  Blork the orc (D:6)
  3 bullfrogs
  5 scorpions
  2 killer bees (D:6)
  A howler monkey (D:6)
  3 crimson imps
  A bullfrog zombie (D:5)
  A centaur zombie (D:5)
  An orc priest (D:4)
  A gnoll shaman (D:4)
  2 hounds
  3 jellies
  4 orc wizards
  2 centaur skeletons
  9 worker ants
  A killer bee zombie (D:6)
  3 hound zombies
  2 howler monkey zombies
  20 gnolls
  A worker ant zombie (D:8)
  12 adders
  2 shadow imps
  3 oozes
  An adder skeleton (D:5)
  3 worms
  A dart slug (D:2)
  7 leopard geckos
  7 orcs
  3 ball pythons
  11 bats
  4 giant cockroaches
  4 goblins
  9 hobgoblins
  14 jackals
  2 quokkas (D:5)
  3 frilled lizards
  A jackal skeleton (D:5)
  5 kobolds
  A quokka skeleton (D:4)
  A quokka zombie (D:5)
  3 rats
181 creatures vanquished.

Vanquished Creatures (others)
  A crimson imp (D:8)
  A bullfrog skeleton (D:8)
2 creatures vanquished.

Grand Total: 183 creatures vanquished

Notes
Turn   | Place    | Note
-------+----------+-------------------------------------------
     0 | D:1      | wilfster70 the Gnoll Enchanter began the quest for the Orb.
     0 | D:1      | Reached XP level 1. HP: 13/13 MP: 6/6
   319 | D:1      | Reached XP level 2. HP: 18/19 MP: 7/7
   323 | D:1      | Learned a level 2 spell: Ensorcelled Hibernation
   729 | D:1      | You fall through a shaft!
   763 | D:2      | Reached skill level 5 in Spellcasting
   763 | D:2      | Reached XP level 3. HP: 23/25 MP: 5/9
   810 | D:2      | Reached skill level 6 in Stealth
   830 | D:2      | Reached skill level 1 in Invocations
   890 | D:2      | Reached skill level 1 in Fighting
   890 | D:2      | Reached skill level 1 in Long Blades
   890 | D:2      | Reached skill level 1 in Axes
   890 | D:2      | Reached skill level 1 in Maces & Flails
   890 | D:2      | Reached skill level 1 in Polearms
   890 | D:2      | Reached skill level 1 in Staves
   890 | D:2      | Reached skill level 1 in Slings
   890 | D:2      | Reached skill level 1 in Bows
   890 | D:2      | Reached skill level 1 in Crossbows
   890 | D:2      | Reached skill level 1 in Throwing
   890 | D:2      | Reached skill level 1 in Armour
   890 | D:2      | Reached skill level 1 in Shields
   890 | D:2      | Reached skill level 1 in Unarmed Combat
   890 | D:2      | Reached skill level 1 in Evocations
   890 | D:2      | Reached XP level 4. HP: 32/32 MP: 9/11
  1039 | D:2      | Reached skill level 1 in Conjurations
  1039 | D:2      | Reached skill level 1 in Charms
  1039 | D:2      | Reached skill level 1 in Summonings
  1039 | D:2      | Reached skill level 1 in Necromancy
  1039 | D:2      | Reached skill level 1 in Translocations
  1039 | D:2      | Reached skill level 1 in Transmutations
  1039 | D:2      | Reached skill level 1 in Fire Magic
  1039 | D:2      | Reached skill level 1 in Ice Magic
  1039 | D:2      | Reached skill level 1 in Air Magic
  1039 | D:2      | Reached skill level 1 in Earth Magic
  1039 | D:2      | Reached skill level 1 in Poison Magic
  1462 | D:2      | Reached XP level 5. HP: 37/37 MP: 5/12
  2337 | D:3      | Reached XP level 6. HP: 44/44 MP: 8/13
  2342 | D:3      | Learned a level 3 spell: Confuse
  2432 | D:3      | Found an ancient bone altar of Kikubaaqudgha.
  2656 | D:4      | Reached skill level 5 in Dodging
  2839 | D:4      | Noticed Elrhinochtone's ghost (amateur DrAE)
  3014 | D:4      | Found a staircase to the Ecumenical Temple.
  3046 | D:4      | Reached XP level 7. HP: 14/50 MP: 8/15
  3125 | Temple   | Entered the Ecumenical Temple
  3375 | Temple   | Became a worshipper of the Wu Jian Council
  3444 | D:4      | Learned a level 2 spell: Call Imp
  4179 | D:4      | Noticed Menkaure
  4188 | D:4      | Killed Menkaure
  4188 | D:4      | Reached XP level 8. HP: 43/57 MP: 9/16
  4372 | D:4      | Reached * piety under Wu Jian
  4753 | D:4      | Killed Elrhinochtone's ghost
  4819 | D:5      | Entered Level 5 of the Dungeon
  5037 | D:5      | Reached skill level 7 in Stealth
  5263 | D:5      | Got a bloodstained robe
  5274 | D:5      | Identified the +2 robe of Hangman {rF+} (You found it on level 5 of the Dungeon)
  5708 | D:5      | Reached XP level 9. HP: 65/65 MP: 18/18
  5845 | D:6      | Noticed Blork the orc
  5852 | D:6      | Killed Blork the orc
  5892 | D:6      | Reached ** piety under Wu Jian
  5955 | D:6      | Got a translucent brass ring
  5956 | D:6      | Identified the ring of Ekkugg {+Fly rN+++ Int+3 Dex+3 Stlth-} (You found it on level 6 of the Dungeon)
  5990 | D:6      | Noticed Sigmund
  6024 | D:6      | HP: 3/65 [something (9)]
  6425 | D:7      | Found an opulent altar of Gozag.
  6727 | D:7      | Reached skill level 5 in Short Blades
  7181 | D:8      | Noticed Pikel
  7201 | D:8      | Killed Pikel
  7201 | D:8      | Reached skill level 5 in Invocations
  7379 | D:8      | Noticed a two-headed ogre
  7387 | D:8      | Killed a two-headed ogre
  7387 | D:8      | Reached XP level 10. HP: 73/73 MP: 16/20
  7430 | D:8      | Noticed 4thArraOfDagon's ghost (novice GnNe)
  7450 | D:8      | Killed 4thArraOfDagon's ghost
  7450 | D:8      | Reached skill level 5 in Fighting
  7450 | D:8      | Reached skill level 5 in Long Blades
  7450 | D:8      | Reached skill level 5 in Axes
  7450 | D:8      | Reached skill level 5 in Maces & Flails
  7450 | D:8      | Reached skill level 5 in Polearms
  7450 | D:8      | Reached skill level 5 in Staves
  7450 | D:8      | Reached skill level 5 in Slings
  7450 | D:8      | Reached skill level 5 in Bows
  7450 | D:8      | Reached skill level 5 in Crossbows
  7450 | D:8      | Reached skill level 5 in Throwing
  7450 | D:8      | Reached skill level 5 in Armour
  7450 | D:8      | Reached skill level 5 in Shields
  7450 | D:8      | Reached skill level 5 in Unarmed Combat
  7450 | D:8      | Reached skill level 5 in Evocations
  7451 | D:8      | Noticed a two-headed ogre
  7454 | D:8      | Found a shimmering altar of Xom.
  7456 | D:8      | Killed a two-headed ogre
  7456 | D:8      | Reached skill level 8 in Stealth
  7469 | D:8      | Found a shimmering altar of Xom.
  7470 | D:8      | Found a shimmering altar of Xom.
  7470 | D:8      | Found a shimmering altar of Xom.
  7470 | D:8      | Found a shimmering altar of Xom.
  7471 | D:8      | Found a shimmering altar of Xom.
  7561 | D:8      | Found a basalt altar of Yredelemnul.
  7561 | D:8      | Noticed a two-headed ogre
  7564 | D:8      | Killed a two-headed ogre
  7574 | D:8      | Noticed Joseph
  7575 | D:8      | Noticed Erica
  7600 | D:8      | Killed from afar by Erica

Skill      XL: |  1  2  3  4  5  6  7  8  9 10 |
---------------+-------------------------------+-----
Spellcasting   | 5 6 7 |  7.5
Stealth        | 6 7 8 |  8.2
Invocations    | 1 2 3 4 5 6 |  6.1
Fighting       | 1 2 3 4 5 |  5.5
Long Blades    | 1 2 3 4 5 |  5.5
Axes           | 1 2 3 4 5 |  5.5
Maces & Flails | 1 2 3 4 5 |  5.5
Polearms       | 1 2 3 4 5 |  5.5
Staves         | 1 2 3 4 5 |  5.5
Slings         | 1 2 3 4 5 |  5.5
Bows           | 1 2 3 4 5 |  5.5
Crossbows      | 1 2 3 4 5 |  5.5
Throwing       | 1 2 3 4 5 |  5.5
Armour         | 1 2 3 4 5 |  5.5
Shields        | 1 2 3 4 5 |  5.5
Unarmed Combat | 1 2 3 4 5 |  5.5
Evocations     | 1 2 3 4 5 |  5.5
Conjurations   | 1 2 3 4 |  4.5
Charms         | 1 2 3 4 |  4.5
Summonings     | 1 2 3 4 |  4.5
Necromancy     | 1 2 3 4 |  4.5
Translocations | 1 2 3 4 |  4.5
Transmutations | 1 2 3 4 |  4.5
Fire Magic     | 1 2 3 4 |  4.5
Ice Magic      | 1 2 3 4 |  4.5
Air Magic      | 1 2 3 4 |  4.5
Earth Magic    | 1 2 3 4 |  4.5
Poison Magic   | 1 2 3 4 |  4.5
Short Blades   | 3 4 5 6 |  6.2
Dodging        | 5 6 7 |  7.3
Hexes          | 6 7 |  7.2

Action                   |  1- 3 |  4- 6 |  7- 9 | 10-12 || total
-------------------------+-------+-------+-------+-------++-------
Melee: Dagger            |    63 |   103 |   159 |    29 ||   354
       Bite              |     2 |     9 |    22 |     2 ||    35
       Punch             |       |     1 |     1 |     1 ||     3
       Quarterstaff      |       |       |    57 |       ||    57
 Fire: Hunting sling     |       |       |    12 |       ||    12
 Cast: Ensorcelled Hiber |     5 |    44 |   121 |    15 ||   185
       Confuse           |       |     4 |     8 |     5 ||    17
Invok: Lunge             |       |       |    34 |     6 ||    40
       Whirlwind         |       |       |    10 |     2 ||    12
       Wall Jump         |       |       |     2 |       ||     2
  Use: Scroll            |       |     7 |     3 |     1 ||    11
       Potion            |       |       |     5 |       ||     5
 Stab: Sleeping          |    13 |    34 |    72 |    13 ||   132
       Confused          |       |       |     8 |     4 ||    12
  Eat: Chunk             |       |     7 |    10 |     1 ||    18
       Ration            |       |       |     1 |       ||     1
Armor: Robe              |    10 |    11 |    24 |     3 ||    48
Dodge: Dodged            |    44 |    71 |   176 |    13 ||   304
